 Dungeon Crawl Stone Soup version 0.32-a0-630-g46d191b0ed (webtiles) character file.

Game seed: 17380766255740745792

2822 Dittersdorf the Trooper (level 9, -2/59 HPs)
             Began as a Gargoyle Fighter on Mar 6, 2024.
             Slain by a wight
             ... wielding a +4 scimitar of freezing
              (6 damage)
             ... on level 6 of the Dungeon.
             The game lasted 00:06:13 (5933 turns).

Dittersdorf the Trooper (Gargoyle Fighter)          Turns: 5933, Time: 00:06:14

Health: -2/59      AC: 25    Str: 23    XL:     9   Next: 73%
Magic:  9/9        EV:  8    Int: 10    God:
Gold:   386        SH:  5    Dex:  9    Spells: 5/8 levels left

rFire   . . .        u - +2 flail (protect)
rCold   . . .        c - +0 buckler
rNeg    + + .        k - +0 chain mail
rPois   ∞            (no helmet)
rElec   +            (no cloak)
rCorr   .            (no gloves)
SInv    .            g - +0 pair of boots
Will    .....        a - amulet of regeneration Stlth
                     v - ring of positive energy
HPRegen 1.09/turn    (no ring)
MPRegen 0.11/turn

%: no passive effects
@: under a protective aura
A: sickness immunity, AC +6, negative energy resistance 1, electricity
resistance, torment resistance 1, petrification resistance
a: no special abilities


You were on level 6 of the Dungeon.
You visited 2 branches of the dungeon, and saw 8 of its levels.

You collected 386 gold pieces.

Inventory:

Hand Weapons
 u - a +2 flail of protection (weapon)
 w - a +0 morningstar
Missiles
 r - a throwing net
Armour
 c - a +0 buckler (worn)
 g - a +0 pair of boots (worn)
 k - a +0 chain mail (worn)
Jewellery
 a - an amulet of regeneration (around neck)
 v - a ring of positive energy (left hand)
 x - a ring of see invisible
Wands
 t - a wand of light (1) (quivered)
Scrolls
 b - a scroll of enchant armour {unknown}
 f - a scroll of fog {unknown}
 h - 5 scrolls of teleportation
 j - a scroll of revelation {unknown}
 l - a scroll of fear {unknown}
 o - 3 scrolls of enchant weapon {unknown}
 q - a scroll of amnesia {unknown}
 s - a scroll of vulnerability {unknown}
Potions
 d - 2 potions of might
 e - 3 potions of curing {unknown}
 i - a potion of mutation
 m - 3 potions of heal wounds
 n - a potion of brilliance
 p - a potion of enlightenment


   Skills:
 + Level 7.9 Fighting
 + Level 6.8 Maces & Flails
 + Level 7.8 Armour
 + Level 7.9 Shields


You had 5 spell levels left.
You knew the following spells:

 Your Spells              Type           Power      Damage    Failure   Level
a - Passwall              Erth           0%         N/A       100%        3

Your spell library contained the following spells:

 Spells                   Type           Power      Damage    Failure   Level
 Sandblast                Erth           0%         2d4       92%         1
 Call Imp                 Summ           0%         N/A       98%         2
 Gell's Gravitas          Tloc           0%         N/A       100%        3
 Stone Arrow              Conj/Erth      0%         3d7       100%        3
 Teleport Other           Tloc           0%         N/A       100%        3
 Volatile Blastmotes      Fire/Tloc      0%         2d10      100%        3
 Brom's Barrelling Bould  Conj/Erth      0%         2d3       100%        4
 Fulminant Prism          Conj/Alch      0%         3d5       100%        4
 Iskenderun's Mystic Bla  Conj/Tloc      0%         2d3       100%        4
 Dispersal                Tloc           0%         N/A       100%        6
 Summon Hydra             Summ           0%         N/A       100%        7
 Sublimation of Blood     Necr           Unusable   N/A       N/A         2

Dungeon Overview and Level Annotations

Branches:
Dungeon (7/15)             Temple (1/1) D:6

Altars:
Ashenzari
Cheibriados
Dithmenos
Elyvilon
Fedhas
Hepliaklqana
Kikubaaqudgha
Makhleb
Nemelex Xobeh
Okawaru
Qazlal
Ru
Sif Muna
Trog
Uskayaw
Vehumet
Wu Jian
Xom
Yredelemnul
Zin


Innate Abilities, Weirdness & Mutations

You are immune to sickness and miasma.
Your stone body is resilient. (AC +6)
You are immune to poison.
You resist negative energy. (rN+)
You are resistant to electric shocks. (rElec)
You are resistant to unholy torment.
You are immune to petrification.


Message History

The wight is lightly damaged.
The wight hits you with a +4 scimitar of freezing.
* * * LOW HITPOINT WARNING * * *
The wight freezes you.
* * * LOW HITPOINT WARNING * * *
You hit the wight.
The wight is heavily damaged.
The wight hits you but does no damage.
You sock the wight!
The wight is almost destroyed.
The wight hits you with a +4 scimitar of freezing.
* * * LOW HITPOINT WARNING * * *
The wight freezes you.
* * * LOW HITPOINT WARNING * * *
You barely miss the wight.
The wight is almost destroyed.
The wight hits you but does no damage.
You closely miss the wight.
The wight is almost destroyed.
The wight barely misses you.
You closely miss the wight.
The wight is almost destroyed.
The wight barely misses you.
You closely miss the wight.
The wight is almost destroyed.
The wight barely misses you.
You barely miss the wight.
The wight is almost destroyed.
You block the wight's attack.
You barely miss the wight.
The wight is almost destroyed.
The wight hits you with a +4 scimitar of freezing!
* * * LOW HITPOINT WARNING * * *
The wight freezes you.
* * * LOW HITPOINT WARNING * * *
You hit the wight but do no damage.
Your weapon exudes an aura of protection.
The wight is almost destroyed.
The wight hits you with a +4 scimitar of freezing.
You die...

....# #.......##
###.####.....#..##
###...##.....##..#
.(..#+####.#####.######
###.'_+.##.##.........#
###'#.....#.........#
#..##.........[...#
##...##.#.........#
###.##.#...@z....#
#.##.#[........#
#..>(.##########
##....# ##...# #...#
#...# #...# #...#


You could see a wight.

Vanquished Creatures
  Pikel (D:6)
  Jeremiah (D:7)
  2 ice beasts (D:5)
  2 sky beasts (D:6)
  2 phantoms (D:5)
  3 kobold brigands
  4 scorpions
  6 wights
  5 howler monkeys
  A bombardier beetle (D:4)
  3 hounds
  A jelly (D:4)
  An orc priest (D:7)
  2 iguanas (D:5)
  2 orc wizards (D:7)
  3 sleepcaps
  A gnoll (D:1)
  11 adders
  2 ufetubi (D:5)
  2 ribbon worms
  17 orcs
  4 bats
  8 endoplasms
  3 giant cockroaches
  7 hobgoblins
  8 jackals
  3 quokkas
  6 ball pythons
  6 frilled lizards
  7 goblins
  25 kobolds
  9 rats
158 creatures vanquished.

Notes
Turn   | Place    | Note
-------+----------+-------------------------------------------
     0 | D:1      | Dittersdorf the Gargoyle Fighter began the quest for the
                  | Orb.
     0 | D:1      | Reached XP level 1. HP: 14/14 MP: 1/1
   122 | D:1      | Found a faded altar of an unknown god.
   139 | D:1      | Reached XP level 2. HP: 19/19 MP: 2/2
   285 | D:1      | Reached XP level 3. HP: 15/24 MP: 3/3
   789 | D:2      | Reached XP level 4. HP: 27/29 MP: 4/4
  2055 | D:3      | Reached XP level 5. HP: 33/33 MP: 5/5
  2558 | D:3      | Found an ornate altar of the Wu Jian Council.
  2774 | D:4      | Identified the +1 robe "Lausem" {Str+3}
  3254 | D:4      | Reached XP level 6. HP: 23/39 MP: 6/6
  3801 | D:4      | Learned a level 3 spell: Passwall
  3839 | D:5      | Entered Level 5 of the Dungeon
  3862 | D:5      | Reached skill level 5 in Fighting
  3862 | D:5      | Reached skill level 5 in Shields
  3868 | D:5      | Reached skill level 5 in Armour
  3868 | D:5      | Reached XP level 7. HP: 34/44 MP: 7/7
  4039 | D:5      | Reached XP level 8. HP: 46/51 MP: 8/8
  4216 | D:5      | Reached skill level 5 in Maces & Flails
  4498 | D:5      | Found a stormy altar of Qazlal.
  4501 | D:5      | Found a bloodstained altar of Trog.
  4629 | D:6      | Found a staircase to the Ecumenical Temple.
  4919 | Temple   | Entered the Ecumenical Temple
  5032 | D:5      | Found a burning altar of Makhleb.
  5032 | D:5      | Found a glowing silver altar of Zin.
  5140 | D:6      | Found a hide-covered altar of Uskayaw.
  5328 | D:7      | Noticed Jeremiah
  5348 | D:6      | Reached XP level 9. HP: 57/57 MP: 9/9
  5495 | D:7      | Killed Jeremiah
  5632 | D:7      | Noticed Pikel
  5683 | D:6      | Killed Pikel
  5933 | D:6      | Slain by a wight

Illustrated notes

Levels and vault maps discovered:
D:1:      denvon_arrival_planthouse, layout_rooms,
          shapermc_ecumenical_altar_mp_ritualfount, st_stairs_4, minivault_25
D:2:      layout_basic
D:3:      layout_basic, nzn_wu_jian_council_hall
D:4:      mumra_celtic_spiral_tile, layout_basic, serial_bayou_pond_d
D:5:      layout_loops_ring, nicolae_overflow_hidden_temple
D:6:      layout_rooms, kennysheep_mini, minmay_temple_entry_gardened_gates
D:7:      layout_layer_cave, hangedman_abyss_or_decor_stagger,
          grunt_decor_one_mirror, minmay_misc_feat_alley, uniq_jeremiah,
          uniq_pikel
Temple:   eino_narrow_crystal_temple

Skill      XL: |  1  2  3  4  5  6  7  8  9 |
---------------+----------------------------+-----
Fighting       | 4 5 7 |  7.9
Armour         | 4 5 6 7 |  7.8
Shields        | 4 5 7 |  7.9
Maces & Flails | 3 4 5 6 |  6.8

Action                     |  1- 3 |  4- 6 |  7- 9 || total
---------------------------+-------+-------+-------++-------
  Melee: Flail             |   102 |   281 |   365 ||   748
    Use: Scroll            |       |     5 |     1 ||     6
 Armour: Scale mail        |    96 |    13 |       ||   109
         Chain mail        |       |   238 |   420 ||   658
  Dodge: Dodged            |    53 |   145 |   173 ||   371
  Block: Buckler           |    25 |    88 |   113 ||   226

Table legend: (Time is in decaauts)
 A = Elapsed time spent in this place.
 B = Non-inter-level travel time spent in this place.
 C = Inter-level travel time spent in this place.
 D = Time resting spent in this place.
 E = Time spent auto-exploring this place.
 F = Levels seen in this place.
 G = Mean time per level.
                   A        B        C        D        E       F      G
               +--------+--------+--------+--------+--------+-----+--------+
         Total |   6107 |   5711 |    396 |    552 |   3605 |   8 |  763.4 |
       Dungeon |   6105 |   5709 |    396 |    552 |   3605 |   7 |  872.1 |
        Temple |      1 |      1 |      0 |      0 |      0 |   1 |    1.0 |
               +--------+--------+--------+--------+--------+-----+--------+

Top non-repeatable levels by time:
     D:2: 1104 daAuts
     D:4: 1098 daAuts
     D:3: 1096 daAuts
     D:5: 1048 daAuts
     D:6: 742 daAuts
     D:1: 643 daAuts
     D:7: 370 daAuts
  Temple: 1 daAuts
